 Dungeon Crawl Stone Soup version 0.27-a0-1196-g3e9cee4cb2 (webtiles) character file.

Game seed: 10676528320617324438

1484 MirrMurr the Covert (level 8, -4/40 HPs)
             Began as a Spriggan Enchanter on May 27, 2021.
             Was a Believer of Okawaru.
             Slain by Harold
             ... wielding a +3 dire flail of holy wrath
              (22 damage)
             ... on level 7 of the Dungeon.
             The game lasted 00:18:35 (11052 turns).

MirrMurr the Covert (Spriggan Enchanter)           Turns: 11052, Time: 00:18:37

Health: -4/40      AC:  4    Str:  6    XL:     8   Next: 50%
Magic:  11/15      EV: 19    Int: 17    God:    Okawaru [**....]
Gold:   304        SH:  0    Dex: 15    Spells: 6/15 levels left

rFire    . . .     SeeInvis +   a - +1 dagger (elec)
rCold    . . .     Faith    .   (shield restricted)
rNeg     . . .     Spirit   .   b - +2 robe
rPois    .         Reflect  .   (helmet restricted)
rElec    .         Harm     .   q - scarf {+Inv}
rCorr    .         Rampage  .   (gloves unavailable)
Will     +....                  (boots unavailable)
Stlth    ++++......             (no amulet)
HPRegen  0.13/turn              (no ring)
MPRegen  0.14/turn              (no ring)

@: very quick
A: very small, no large weapons, unfitting armour, see invisible, speed 3
a: Renounce Religion, Evoke Invisibility, Heroism


You were on level 7 of the Dungeon.
You worshipped Okawaru.
Okawaru was pleased with you.
You visited 2 branches of the dungeon, and saw 8 of its levels.

You collected 304 gold pieces.

Inventory:

Hand Weapons
 a - a +1 dagger of electrocution (weapon)
 C - a +1 dagger of freezing
Missiles
 g - 140 stones
 i - a throwing net
 l - 48 sling bullets
 t - 6 atropa-tipped darts
 B - 12 poisoned darts
Armour
 b - a +2 robe (worn)
 q - a scarf of invisibility (worn)
Jewellery
 p - a +4 ring of protection
 r - a ring of protection from cold
Wands
 o - a wand of iceblast (10)
 s - a wand of acid (5)
 w - a wand of flame (12)
Scrolls
 h - a scroll of teleportation
 k - a scroll of fear
 z - a scroll of enchant armour
Potions
 c - 2 potions of haste
 d - a potion of lignification {unknown}
 e - 2 potions of heal wounds
 f - a potion of berserk rage {unknown}
 j - a potion of curing {unknown}
 m - a potion of brilliance {unknown}
 n - a potion of resistance
 u - a potion of attraction {unknown}
 v - a potion of mutation {unknown}
 A - a potion of cancellation {unknown}


   Skills:
 + Level 3.1 Fighting
 - Level 5.0 Short Blades
 + Level 5.9 Dodging
 - Level 8.0 Stealth
 - Level 4.0 Spellcasting
 - Level 8.0 Hexes


You had 6 spell levels left.
You knew the following spells:

 Your Spells              Type           Power      Damage    Failure   Level
a - Ensorcelled Hibernat  Hex/Ice        34%        N/A       4%          2
b - Confusing Touch       Hex            30%        N/A       1%          3
c - Tukima's Dance        Hex            30%        N/A       1%          3
C - Corona                Hex            33%        N/A       1%          1

Your spell library contained the following spells:

 Spells                   Type           Power      Damage    Failure   Level
 Slow                     Hex            30%        N/A       1%          2
 Dazzling Flash           Conj/Hex       34%        N/A       9%          3
 Freeze                   Ice            12%        1d4       16%         1
 Magic Dart               Conj           12%        1d3       16%         1
 Blink                    Tloc           N/A        N/A       24%         2
 Call Imp                 Summ           3%         N/A       24%         2
 Conjure Flame            Conj/Fire      3%         6-21      43%         3
 Frozen Ramparts          Ice            6%         1d2       43%         3
 Mephitic Cloud           Conj/Pois/Air  3%         N/A       43%         3
 Ozocubu's Armour         Ice            3%         N/A       43%         3
 Metabolic Englaciation   Hex/Ice        8%         N/A       63%         5
 Hailstorm                Conj/Ice       3%         3d3       83%         4


Dungeon Overview and Level Annotations

Branches:
Dungeon (7/15)             Temple (1/1) D:4

Altars:
Ashenzari
Cheibriados
Dithmenos
Elyvilon
Fedhas
Gozag
Hepliaklqana
Kikubaaqudgha
Makhleb
Nemelex Xobeh
Okawaru
Qazlal
Ru
Sif Muna
Trog
Uskayaw
Vehumet
Wu Jian
Yredelemnul
Zin
The Shining One

Annotations:
D:6 2 transporters, 3 runed translucent doors, glosham's ghost, weakling DjDe
D:7 Harold


Innate Abilities, Weirdness & Mutations

You are very small and have problems with some larger weapons.
You are too small for most types of armour.
You have supernaturally acute eyesight. (SInv)
You cover ground extremely quickly. (Speed+++)


Message History

As you read the scroll labelled LAIFEX QOUMOR, it crumbles to dust.
It is a scroll of enchant armour.
Your +0 robe glows green for a moment.
As you read the scroll of enchant armour, it crumbles to dust.
Your +1 robe glows green for a moment.
Blink to where?
Press: ? - help, Dir - move target
As you read the scroll labelled OSKAXI BAME, it crumbles to dust.
It was a scroll of blinking.
There is a stone staircase leading up here.
As you read the scroll labelled OCOMIUF ISYJ, it crumbles to dust.
It is a scroll of enchant weapon.
Your +0 dagger of electrocution glows red for a moment.
You start waiting.
Done waiting.
You start waiting.
Done waiting.
Found a short sword.
Found 11 arrows.
Found an escape hatch in the floor.
Harold the Weathered comes into view.
He is wielding a +3 dire flail of holy wrath.
Harold shouts!
You see here 12 gold pieces.
Casting: Tukima's Dance (safe; 1% risk of failure)
Confirm with . or Enter, or press ? or * to list all spells.
Aiming: Ensorcelled Hibernation (safe; 4% risk of failure)
Press: ? - help, Shift-Dir - straight line, f - Harold
Aim: Harold, wielding a +3 dire flail of holy wrath, wearing a +0 scale mail and quivering 2 throwing nets (chance to affect: 16%) Harold resists with almost no effort.
Harold hits you with a +3 dire flail of holy wrath!!
Ouch! That really hurt!
Casting: Ensorcelled Hibernation (safe; 4% risk of failure)
Confirm with . or Enter, or press ? or * to list all spells.
Aiming: Ensorcelled Hibernation (safe; 4% risk of failure)
Press: ? - help, Shift-Dir - straight line, f/p - Harold
Aim: Harold, wielding a +3 dire flail of holy wrath, wearing a +0 scale mail and quivering 2 throwing nets (chance to affect: 16%) Harold resists with almost no effort.
Harold hits you with a +3 dire flail of holy wrath!!
Ouch! That really hurt!
You die...

#.#..# #.#..# #.#..#
####.#..#
#.......#############
####.................
#.#...............
#.#...............
#.#.......@@......
..................
................#..
.#.###.#.##..#..# #.
#.#.#......# #
#.#.#...#.##
#.#.#...#.# #...... .


You could see Harold.

Vanquished Creatures
  A wyvern (D:6)
  A wraith (D:6)
  Edmund (D:5)
  A centaur (D:6)
  2 phantoms
  2 bullfrogs (D:6)
  A scorpion (D:5)
  A water moccasin skeleton (D:6)
  A centaur zombie (D:5)
  An orc priest (D:6)
  A hound (D:4)
  A jelly (D:6)
  4 orc wizards (D:6)
  Natasha (thrice) (D:3)
  A hound zombie (D:5)
  A hound skeleton (D:5)
  3 gnolls
  7 adders
  An ufetubus (D:4)
  2 worms
  3 dart slugs
  15 orcs
  8 ball pythons
  7 bats
  7 endoplasms
  4 giant cockroaches
  5 hobgoblins
  4 jackals (D:1)
  3 quokkas
  2 frilled lizards
  7 goblins
  11 kobolds
  5 rats
117 creatures vanquished.

Vanquished Creatures (collateral kills)
  A gnoll shaman (D:6)
  7 gnolls
8 creatures vanquished.

Vanquished Creatures (others)
  3 dancing weapons
  22 plants (D:4)
25 creatures vanquished.

Grand Total: 150 creatures vanquished

Notes
Turn   | Place    | Note
-------+----------+-------------------------------------------
     0 | D:1      | MirrMurr the Spriggan Enchanter began the quest for the
                  | Orb.
     0 | D:1      | Reached XP level 1. HP: 9/9 MP: 5/5
    31 | D:1      | Found a faded altar of an unknown god.
   484 | D:2      | Reached XP level 2. HP: 13/13 MP: 6/6
   503 | D:2      | Learned a level 2 spell: Ensorcelled Hibernation
   545 | D:2      | Reached skill level 5 in Stealth
  1181 | D:1      | Reached XP level 3. HP: 16/16 MP: 8/8
  1198 | D:1      | Learned a level 3 spell: Confusing Touch
  2149 | D:2      | Reached XP level 4. HP: 21/21 MP: 6/9
  2786 | D:3      | Noticed Natasha
  2971 | D:3      | Killed Natasha
  3219 | D:3      | Noticed Natasha
  3951 | D:3      | Killed Natasha
  3952 | D:3      | Reached XP level 5. HP: 15/24 MP: 7/10
  4817 | D:3      | Noticed Natasha
  4825 | D:3      | Killed Natasha
  5049 | D:3      | Learned a level 3 spell: Tukima's Dance
  6272 | D:4      | Found a staircase to the Ecumenical Temple.
  6279 | Temple   | Entered the Ecumenical Temple
  6554 | Temple   | Became a worshipper of Warmaster Okawaru
  6880 | D:5      | Entered Level 5 of the Dungeon
  6887 | D:5      | Noticed a phantom
  6932 | D:5      | Killed a phantom
  6933 | D:5      | Reached skill level 5 in Short Blades
  6933 | D:5      | Reached XP level 6. HP: 22/28 MP: 7/11
  7072 | D:5      | Noticed Edmund
  7135 | D:4      | Reached skill level 5 in Hexes
  7324 | D:5      | Reached XP level 7. HP: 32/32 MP: 13/13
  7616 | D:5      | Killed Edmund
  7616 | D:5      | Reached * piety under Okawaru
  8100 | D:6      | Noticed a wyvern
  8113 | D:6      | Killed a wyvern
  9114 | D:6      | Reached skill level 1 in Fighting
  9114 | D:6      | Reached XP level 8. HP: 37/37 MP: 12/15
  9976 | D:6      | Found a transporter.
 10022 | D:6      | Reached ** piety under Okawaru
 10023 | D:6      | Reached skill level 5 in Dodging
 10133 | D:6      | Found a runed translucent gate.
 10133 | D:6      | Found a runed translucent gate.
 10136 | D:6      | Found a runed translucent gate.
 10142 | D:6      | Noticed glosham's ghost (weakling DjDe)
 10238 | D:6      | Found a transporter.
 11045 | D:7      | Noticed Harold
 11052 | D:7      | Slain by Harold

Illustrated notes

Levels and vault maps discovered:
D:1:      kennysheep_arrival_forest, layout_rooms, ebering_ecumenical_altar_box
D:2:      layout_rooms
D:3:      layout_loops_cross, uniq_natasha
D:4:      layout_basic, minmay_temple_entry_nine_rooms,
          chequers_serial_rivers_room_b, minmay_strange_pillars,
          serial_bayou_lagoon_a
D:5:      layout_basic, uniq_edmund
D:6:      gammafunk_cloud_chamber, layout_gridville, gammafunk_ghost_necromancy,
          amcnicky_mini_pool_small
D:7:      lemuel_ice_statue, layout_basic, minmay_circle_x, uniq_duvessa,
          uniq_harold, uniq_prince_ribbit1
Temple:   nicolae_temple_the_god_donut

Skill      XL: |  1  2  3  4  5  6  7  8 |
---------------+-------------------------+-----
Stealth        | 5 6 7 8 |  8.0
Short Blades   | 2 3 5 |  5.0
Spellcasting   | 3 4 |  4.0
Hexes          | 4 5 8 |  8.0
Dodging        | 3 5 |  5.9
Fighting       | 1 3 |  3.1

Action                   |  1- 3 |  4- 6 |  7- 9 || total
-------------------------+-------+-------+-------++-------
Melee: Dagger            |   150 |   158 |   133 ||   441
 Cast: Ensorcelled Hiber |    23 |    34 |    32 ||    89
       Confusing Touch   |       |     2 |     4 ||     6
       Tukima's Dance    |       |       |    11 ||    11
  Use: Scroll            |       |     5 |     7 ||    12
 Stab: Sleeping          |    23 |    30 |    23 ||    76
       Distracted        |     1 |       |       ||     1
       Confused          |       |     4 |     4 ||     8
Armor: Robe              |    15 |    13 |     6 ||    34
Dodge: Dodged            |   136 |    96 |    90 ||   322

Table legend: (Time is in decaauts)
 A = Elapsed time spent in this place.
 B = Non-inter-level travel time spent in this place.
 C = Inter-level travel time spent in this place.
 D = Time resting spent in this place.
 E = Time spent auto-exploring this place.
 F = Levels seen in this place.
 G = Mean time per level.
                   A        B        C        D        E       F      G
               +--------+--------+--------+--------+--------+-----+--------+
         Total |   8825 |   8619 |    206 |   2673 |   4541 |   8 | 1103.1 |
       Dungeon |   8645 |   8453 |    192 |   2673 |   4388 |   7 | 1235.0 |
        Temple |    179 |    166 |     13 |      0 |    153 |   1 |  179.0 |
               +--------+--------+--------+--------+--------+-----+--------+

Top non-repeatable levels by time:
     D:3: 1963 daAuts
     D:6: 1556 daAuts
     D:4: 1436 daAuts
     D:5: 1226 daAuts
     D:2: 1172 daAuts
     D:1: 1048 daAuts
     D:7: 241 daAuts
  Temple: 179 daAuts
